 Dungeon Crawl Stone Soup version 0.32-a0-791-gfc315c9ecd (webtiles) character file.

Game seed: 14404258586040679365

4 jasper the Cudgeller (level 1, 0/22 HPs)
             Began as an Oni Gladiator on Mar 20, 2024.
             Slain by a hobgoblin (4 damage)
             ... on level 1 of the Dungeon.
             The game lasted 00:00:14 (81 turns).

jasper the Cudgeller (Oni Gladiator)                  Turns: 81, Time: 00:00:15

Health: 0/22       AC:  3    Str: 17    XL:     1   Next: 70%
Magic:  1/1        EV:  9    Int:  9    God:
Gold:   0          SH:  0    Dex: 10    Spells: 0/0 levels left

rFire   . . .        a - +0 flail
rCold   . . .        (no shield)
rNeg    . . .        b - +0 robe
rPois   .            c - +0 hat
rElec   .            (no cloak)
rCorr   .            (gloves unavailable)
SInv    .            (boots unavailable)
Will    .....        (no amulet)
Stlth   +            (no ring)
HPRegen 0.23/turn    (no ring)
MPRegen 0.07/turn

%: no passive effects
@: no status effects
A: large, unfitting armour, horns 1, tough skin 1, double potion healing,
drunken brawling
a: no special abilities


You were on level 1 of the Dungeon.
You visited 1 branch of the dungeon, and saw 1 of its levels.

Inventory:

Hand Weapons
 a - a +0 flail (weapon)
Missiles
 d - 3 throwing nets (quivered)
 e - a large rock
Armour
 b - a +0 robe (worn)
 c - a +0 hat (worn)
Scrolls
 f - a scroll of identify {unknown}


   Skills:
 - Level 2.6 Fighting
 * Level 3.3 Maces & Flails
 - Level 2.0 Throwing
 - Level 2.6 Dodging


You couldn't memorise any spells.
You didn't know any spells.
Your spell library was empty.

Dungeon Overview and Level Annotations

Branches:
Dungeon (1/15)

Altars:


Innate Abilities, Weirdness & Mutations

You are too large for most types of armour.
You have a pair of small horns on your head.
You have tough skin. (AC +1)
You gain doubled healing and magic from potions.
Whenever you drink a healing potion, you attack all around you.


Message History

The hobgoblin shouts!
A ball python comes into view.
The ball python hisses angrily.
You hit the dart slug. You headbutt the dart slug.
You kill the dart slug!
A frilled lizard comes into view.
You see here a dart slug corpse.
The frilled lizard hisses angrily.
You closely miss the hobgoblin. The hobgoblin closely misses you.
The ball python bites you.
You take 2 damage, and have 20/22 hp.
You hit the hobgoblin but do no damage. Your headbutt misses the hobgoblin.
The hobgoblin hits you.
The ball python bites you but does no damage.
You take 3 damage, and have 17/22 hp.
You hit the ball python.
The ball python is moderately wounded.
The ball python barely misses you. The hobgoblin hits you.
The ball python barely misses you. The hobgoblin hits you.
The frilled lizard bites you but does no damage.
You take 3 damage, and have 14/22 hp.
You closely miss the ball python.
The ball python is moderately wounded.
The ball python closely misses you. The hobgoblin hits you.
The frilled lizard closely misses you.
You take 2 damage, and have 12/22 hp.
You sock the ball python!
You kill the ball python!
The hobgoblin barely misses you. The frilled lizard closely misses you.
You barely miss the frilled lizard. The hobgoblin barely misses you.
The frilled lizard barely misses you.
You closely miss the frilled lizard. The hobgoblin hits you.
The frilled lizard closely misses you. The frilled lizard bites you.
* * * LOW HITPOINT WARNING * * *
The hobgoblin hits you but does no damage.
You take 7 damage, and have 6/22 hp.
MASSIVE DAMAGE!!
You closely miss the frilled lizard. The frilled lizard bites you.
* * * LOW HITPOINT WARNING * * *
The hobgoblin hits you.
You die...

..... ..... ......
####### ......
#.....####......
#......#........
##........†......
###...^....@l......
..........†.g).....
#................
##................
##.................
#..................
...##.............##
..)...#.....#.....##
...........###..###


You could see a hobgoblin and a frilled lizard.

Vanquished Creatures
  A dart slug (D:1)
  A quokka (D:1)
  A ball python (D:1)
3 creatures vanquished.

Notes
Turn   | Place    | Note
-------+----------+-------------------------------------------
     0 | D:1      | jasper the Oni Gladiator began the quest for the Orb.
     0 | D:1      | Reached XP level 1. HP: 22/22 MP: 1/1
    81 | D:1      | Slain by a hobgoblin

Illustrated notes

Levels and vault maps discovered:
D:1:      nicolae_arrival_washed_ashore, layout_rooms

Action                     || total
---------------------------++-------
  Melee: Flail             ||    14
         Headbutt          ||     1
 Armour: Robe              ||    17
  Dodge: Dodged            ||    14

Table legend: (Time is in decaauts)
 A = Elapsed time spent in this place.
 B = Non-inter-level travel time spent in this place.
 C = Inter-level travel time spent in this place.
 D = Time resting spent in this place.
 E = Time spent auto-exploring this place.
 F = Levels seen in this place.
 G = Mean time per level.
                   A        B        C        D        E       F      G
               +--------+--------+--------+--------+--------+-----+--------+
         Total |     84 |     84 |      0 |     26 |     25 |   1 |   84.0 |
       Dungeon |     84 |     84 |      0 |     26 |     25 |   1 |   84.0 |
               +--------+--------+--------+--------+--------+-----+--------+

Top non-repeatable levels by time:
     D:1: 84 daAuts
